[Event "January 2 Early 2024"]
[Site "https://www.chess.com"]
[Date "2024.01.02"]
[Round "10"]
[White "Onslow, Alfie"]
[Black "Ambrogi, Agustin"]
[Result "1-0"]
[Board "113"]
[TimeControl "180+1"]
[WhiteFideId "436976"]
[BlackFideId "170933"]
[WhiteElo "2298"]
[BlackElo "2461"]
[WhiteTeam "ENG"]
[BlackTeam "ARG"]
[WhiteClock "0:00:27"]
[BlackClock "0:00:49"]

1. e4 d5 2. exd5 Qxd5 3. Nf3 Nf6 4. d4 g6 5. c4 Qd8 6. Nc3 Bg7 7. Be2 O-O 8. O-O b6 9. Bf4 Bb7 10. h3 a6 11. Re1 Nh5 12. Bh2 e6 13. Ne5 Nf6 14. Bf3 Bxf3 15. Qxf3 Nbd7 16. Nc6 Qe8 17. d5 Nc5 18. Bxc7 Qd7 19. Be5 exd5 20. cxd5 Nh5 21. g4 Bxe5 22. Nxe5 Qd8 23. gxh5 Qg5+ 24. Qg4 Qf6 25. h6 Rae8 26. f4 Qd6 27. Rad1 Kh8 28. Kh1 b5 29. b4 Na4 30. Nxa4 bxa4 31. Qd7 Qf6 32. Nxf7+ Qxf7 33. Qxf7 1-0

[Event "January 2 Early 2024"]
[Site "https://www.chess.com"]
[Date "2024.01.02"]
[Round "10"]
[White "Pourkashiyan, Atousa"]
[Black "RaneshRatnesan"]
[Result "1-0"]
[Board "114"]
[TimeControl "180+1"]
[WhiteFideId "12502014"]
[WhiteElo "2460"]
[BlackElo "2268"]
[WhiteTeam "USA"]
[WhiteClock "0:00:21"]
[BlackClock "0:00:21"]

1. Nf3 d5 2. g3 Nf6 3. Bg2 Bg4 4. O-O Nbd7 5. d3 e6 6. h3 Bh5 7. Nbd2 c6 8. Qe1 e5 9. e4 Bd6 10. exd5 cxd5 11. c4 O-O 12. cxd5 Nxd5 13. Nc4 Bc7 14. Bg5 f6 15. Bd2 N7b6 16. Nh4 Qd7 17. g4 Bf7 18. Be4 Nf4 19. Bxf4 exf4 20. Nxb6 Bxb6 21. Qd2 g5 22. Nf5 Bg6 23. Rac1 Rac8 24. Qb4 Kh8 25. Kg2 Rfe8 26. Rxc8 Rxc8 27. Qb3 Bf7 28. Qd1 Bd5 29. Qf3 Rd8 30. Re1 Bxa2 31. Bxb7 Bc5 32. Bc6 Qc7 33. Be4 Bf7 34. Rc1 Qb6 35. Qe2 a5 36. Qc2 Rc8 37. d4 1-0

[Event "January 2 Early 2024"]
[Site "https://www.chess.com"]
[Date "2024.01.02"]
[Round "10"]
[White "Piddubna, Bozhena"]
[Black "Bolat, Inayat"]
[Result "1-0"]
[Board "115"]
[TimeControl "180+1"]
[WhiteFideId "34109293"]
[BlackFideId "13733125"]
[WhiteElo "2256"]
[BlackElo "2449"]
[WhiteTeam "UKR"]
[BlackTeam "KAZ"]
[WhiteClock "0:01:14"]
[BlackClock "0:00:00"]

1. d4 Nf6 2. c4 g6 3. Nf3 Bg7 4. g3 O-O 5. Bg2 d6 6. O-O c5 7. Nc3 Nc6 8. dxc5 dxc5 9. Bf4 Nh5 10. Be3 b6 11. Qc1 Bb7 12. Rd1 Qe8 13. Bh6 Rd8 14. Rxd8 Nxd8 15. Bxg7 Nxg7 16. Qf4 Nde6 17. Qe5 f6 18. Qe3 Qf7 19. Rd1 Nf5 20. Qc1 Rd8 21. e3 Nd6 22. b3 g5 23. Nd5 g4 24. Nh4 Ng5 25. e4 e6 26. Ne3 h5 27. e5 fxe5 28. Nxg4 Nh7 29. Nxe5 Qg7 30. Bxb7 Qxe5 31. Bg2 Nf6 32. Ng6 Qg5 33. Qxg5 1-0

[Event "January 2 Early 2024"]
[Site "https://www.chess.com"]
[Date "2024.01.02"]
[Round "10"]
[White "Shinkarev, M"]
[Black "Merikard"]
[Result "1-0"]
[Board "116"]
[TimeControl "180+1"]
[WhiteFideId "4145348"]
[WhiteElo "2442"]
[BlackElo "2254"]
[WhiteTeam "RUS"]
[WhiteClock "0:00:27"]
[BlackClock "0:00:00"]

1. c4 b6 2. Nc3 Bb7 3. e4 e5 4. g3 Nc6 5. Bg2 Bc5 6. a3 a5 7. Nge2 Nf6 8. O-O h6 9. Na4 O-O 10. Nxc5 bxc5 11. b3 a4 12. d3 axb3 13. Qxb3 Rb8 14. f4 exf4 15. Nxf4 Nd4 16. Qa2 d6 17. h3 Qe7 18. Be3 Qe5 19. Qf2 Bc6 20. Rab1 Ba4 21. Bxd4 Qxd4 22. Ne2 Qxd3 23. Rbc1 Nxe4 24. Bxe4 Qxe4 25. Nf4 Bc6 26. Kh2 Rb3 27. Rce1 Qxc4 28. Re7 Rfb8 29. Rfe1 Rb2 30. R1e2 Rxe2 31. Rxe2 Rb1 32. g4 g5 33. Nh5 Rh1+ 34. Kg3 1-0

[Event "January 2 Early 2024"]
[Site "https://www.chess.com"]
[Date "2024.01.02"]
[Round "10"]
[White "Micic, Aleksa"]
[Black "Biriukov, Ilja"]
[Result "1-0"]
[Board "117"]
[TimeControl "180+1"]
[WhiteFideId "989940"]
[BlackFideId "4113373"]
[WhiteElo "2442"]
[BlackElo "2225"]
[WhiteTeam "SRB"]
[BlackTeam "RUS"]
[WhiteClock "0:01:20"]
[BlackClock "0:00:00"]

1. d4 d5 2. Nc3 c6 3. Bf4 Bf5 4. f3 Nf6 5. g4 Bg6 6. h4 h6 7. h5 Bh7 8. e3 Qb6 9. Qd2 Nbd7 10. Bd3 Bxd3 11. Qxd3 e6 12. O-O-O a5 13. Nge2 a4 14. Ng3 a3 15. b3 Bb4 16. e4 Qa5 17. Nce2 Rc8 18. Kb1 c5 19. c3 c4 20. cxb4 cxd3 21. bxa5 dxe2 22. Nxe2 dxe4 23. fxe4 Nxe4 24. Rc1 O-O 25. Ng3 Nc3+ 26. Ka1 Nd5 27. Bd6 Rfe8 28. Bxa3 Ne3 29. g5 hxg5 30. Ne4 Nc2+ 31. Kb2 Nxd4 32. Nxg5 Nf5 33. Ne4 Nf6 34. Nxf6+ gxf6 35. Rcg1+ Kh7 36. Bb4 Red8 37. Bc3 e5 38. Rf1 Rd3 39. Bxe5 fxe5 40. Rxf5 Rd2+ 41. Ka3 Rcc2 42. Rxf7+ Kh6 43. Rxb7 Rxa2+ 44. Kb4 Rd4+ 45. Kc3 Rxa5 46. Rf1 Rc5+ 47. Kb2 Rc8 48. Rf6+ Kxh5 49. Rf5+ Kg4 50. Rxe5 Rb4 51. Rxb4+ 1-0

[Event "January 2 Early 2024"]
[Site "https://www.chess.com"]
[Date "2024.01.02"]
[Round "10"]
[White "Nikulina, Alena"]
[Black "Bashirli, Saadat"]
[Result "0-1"]
[Board "118"]
[TimeControl "180+1"]
[WhiteFideId "4172051"]
[BlackFideId "13429990"]
[WhiteElo "2114"]
[BlackElo "2440"]
[WhiteTeam "RUS"]
[BlackTeam "AZE"]
[WhiteClock "0:00:00"]
[BlackClock "0:00:20"]

1. e4 c6 2. Nc3 d5 3. Qe2 d4 4. Nd1 e5 5. g3 Nf6 6. f4 Bd6 7. d3 Qc7 8. f5 g6 9. g4 h5 10. g5 Nh7 11. Bh3 Be7 12. f6 Bxh3 13. Nxh3 Bd6 14. Bd2 Nf8 15. b3 Ne6 16. Nb2 Qd7 17. Nc4 Bc7 18. a4 b5 19. axb5 cxb5 20. Na3 a6 21. Nf2 O-O 22. h4 Nc6 23. O-O Nf4 24. Bxf4 exf4 25. Qf3 Ne5 26. Qxf4 Nxd3 27. Qf3 Nf4 28. Nd3 Nxd3 29. cxd3 Qd6 30. Rf2 Rfe8 31. Nc2 a5 32. Ne1 a4 33. bxa4 bxa4 34. Nc2 a3 35. Ra2 Reb8 36. Qd1 Rb2 37. Ne1 Qg3+ 0-1

[Event "January 2 Early 2024"]
[Site "https://www.chess.com"]
[Date "2024.01.02"]
[Round "10"]
[White "Smirnov, Mark"]
[Black "Rios Escobar, Adan"]
[Result "1-0"]
[Board "119"]
[TimeControl "180+1"]
[WhiteFideId "13764594"]
[BlackFideId "3403645"]
[WhiteElo "2528"]
[BlackElo "2377"]
[WhiteTeam "KAZ"]
[BlackTeam "CHI"]
[WhiteClock "0:00:10"]
[BlackClock "0:00:01"]

1. b3 c5 2. Bb2 Nc6 3. Nf3 d6 4. e3 e5 5. d4 cxd4 6. exd4 e4 7. Nfd2 d5 8. c4 Nf6 9. cxd5 Qxd5 10. Nc3 Qf5 11. Bb5 Bb4 12. O-O O-O 13. Bxc6 bxc6 14. Qe2 Re8 15. Nc4 a5 16. a3 Bxc3 17. Bxc3 Nd5 18. Bd2 Ba6 19. Rfe1 Rad8 20. Bxa5 e3 21. Bxd8 Nf4 22. Qf3 Nh3+ 23. Kh1 Nxf2+ 24. Kg1 Qxf3 25. gxf3 Nh3+ 26. Kg2 Nf4+ 27. Kg3 Nh5+ 28. Kh4 Rxd8 29. Kxh5 Rxd4 30. Nxe3 g6+ 31. Kg5 Kg7 32. Nf5+ gxf5 33. Kxf5 Bc8+ 34. Ke5 Rh4 35. f4 Rxh2 36. Rg1+ Kf8 37. Kd6 Rh6+ 38. Kc7 Bf5 39. a4 Bc2 40. a5 Bxb3 41. a6 c5 42. a7 Bd5 43. Rgd1 Bf3 44. a8=Q+ Bxa8 45. Rxa8+ Ke7 46. Re1+ Kf6 47. Ra6+ Kg7 48. Rxh6 Kxh6 49. Kd6 c4 50. Kd5 c3 51. Kd4 c2 52. Kd3 Kg6 53. Kxc2 Kf5 54. Kd3 Kxf4 55. Ke2 f5 56. Kf2 h5 57. Ra1 Kg4 58. Ra4+ f4 59. Ra8 h4 60. Rg8+ Kh3 61. Kf3 Kh2 62. Rh8 h3 63. Rh7 Kh1 64. Rxh3+ Kg1 65. Rh4 Kf1 66. Rh1# 1-0

[Event "January 2 Early 2024"]
[Site "https://www.chess.com"]
[Date "2024.01.02"]
[Round "10"]
[White "Lira, Suan Bruno Fernandes"]
[Black "Pesotskiy, Mikhail"]
[Result "1/2-1/2"]
[Board "120"]
[TimeControl "180+1"]
[WhiteFideId "22794620"]
[BlackFideId "34164453"]
[WhiteElo "2356"]
[BlackElo "2494"]
[WhiteTeam "BRA"]
[BlackTeam "RUS"]
[WhiteClock "0:00:09"]
[BlackClock "0:00:08"]

1. d4 e6 2. c4 Nf6 3. Nf3 Bb4+ 4. Nbd2 b6 5. e3 Bb7 6. Be2 O-O 7. a3 Be7 8. O-O c5 9. dxc5 bxc5 10. b3 a5 11. Bb2 a4 12. b4 cxb4 13. axb4 Bxb4 14. Rxa4 Qe7 15. Rxa8 Bxa8 16. Qa4 Bc6 17. Qa7 Bc5 18. Qa5 Bb4 19. Qa7 d5 20. Qxe7 Bxe7 21. cxd5 Bxd5 22. Ne5 Nbd7 23. Rc1 Rb8 24. Bd4 Kf8 25. h3 Bd6 26. Ndf3 Ke7 27. Bd3 g6 28. g4 Nxe5 29. Nxe5 Nd7 30. Nc6+ Bxc6 31. Rxc6 Ne5 32. Bxe5 Bxe5 33. Kg2 Rb2 34. Ra6 Bd6 35. g5 Bc5 36. Kf3 Kf8 37. Ra8+ Kg7 38. Rc8 Be7 39. h4 Rb4 40. Rc4 Rb7 41. Be4 Ra7 42. Rc6 h6 43. Kg4 Ra4 44. f3 Ra3 45. Kf4 hxg5+ 46. hxg5 Bb4 47. Rc2 Ba5 48. Rg2 Bb6 49. Re2 Kf8 50. Bc6 Ke7 51. e4 Bc7+ 52. Kg4 Ra1 53. Rg2 Rh1 54. Bb5 Be5 55. Be2 Bd4 56. f4 Re1 57. f5 exf5+ 58. exf5 gxf5+ 59. Kxf5 Kf8 60. Ke4 Bc5 61. Kd3 Be7 62. Kd2 Bb4+ 63. Kc2 Ra1 64. Kb3 Be7 65. Bc4 Ra5 66. Rf2 Bxg5 67. Rxf7+ Ke8 68. Rb7 Be7 69. Rb8+ Kd7 70. Rb7+ Kd6 71. Bd3 Rd5 72. Bc4 Rc5 73. Rb6+ Rc6 74. Rb5 Bf6 75. Rd5+ Ke7 76. Rf5 Rb6+ 77. Kc2 Rd6 78. Rf3 Rd4 79. Bd3 Rd5 80. Re3+ Re5 81. Rh3 Rc5+ 82. Kd1 Re5 83. Rh7+ Kd6 84. Rb7 Rd5 85. Ke2 Ke5 86. Rb6 Bg5 87. Rb4 Rd4 88. Rb5+ Rd5 89. Rb4 Rd4 90. Rb8 Rd5 91. Re8+ Kd6 92. Rg8 Re5+ 93. Kf3 Be7 94. Rg4 Kc5 95. Re4 Rxe4 96. Kxe4 1/2-1/2

[Event "January 2 Early 2024"]
[Site "https://www.chess.com"]
[Date "2024.01.02"]
[Round "10"]
[White "Kleibel, Uwe"]
[Black "Ladan, Nicholas"]
[Result "0-1"]
[Board "121"]
[TimeControl "180+1"]
[WhiteFideId "1270982"]
[BlackFideId "30918855"]
[WhiteElo "2355"]
[BlackElo "2485"]
[WhiteTeam "GER"]
[BlackTeam "USA"]
[WhiteClock "0:01:25"]
[BlackClock "0:01:42"]

1. e4 e5 2. Nf3 Nc6 3. d4 exd4 4. Nxd4 Qf6 5. Nxc6 Bc5 6. Qe2 dxc6 7. Be3 Qxb2 8. Bxc5 Qxa1 9. Qd1 Qxa2 10. Nc3 Qa5 11. Qd4 Nf6 12. Bb4 Qa1+ 13. Kd2 Be6 14. Qc5 O-O-O+ 15. Bd3 Qxh1 16. Qxa7 Qxg2 17. Qa8+ Kd7 18. Qxb7 Qxf2+ 19. Kc1 Qe3+ 20. Kb2 Qb6 0-1

[Event "January 2 Early 2024"]
[Site "https://www.chess.com"]
[Date "2024.01.02"]
[Round "10"]
[White "Munoz Sanchez, Miguel"]
[Black "Spitzl, Vinzent"]
[Result "0-1"]
[Board "122"]
[TimeControl "180+1"]
[WhiteFideId "3600734"]
[BlackFideId "12901253"]
[WhiteElo "2310"]
[BlackElo "2478"]
[WhiteTeam "ECU"]
[BlackTeam "GER"]
[WhiteClock "0:00:19"]
[BlackClock "0:00:08"]

1. e4 c5 2. Nf3 d6 3. c3 Nf6 4. h3 Nc6 5. Bd3 g6 6. O-O Bg7 7. Bc2 O-O 8. d4 cxd4 9. cxd4 Qb6 10. Nc3 e6 11. d5 Ne5 12. Nxe5 dxe5 13. Be3 Qa5 14. d6 Rd8 15. a3 Bf8 16. Bg5 Rxd6 17. Qe2 Ne8 18. Rfd1 Bd7 19. b4 Qc7 20. Rxd6 Nxd6 21. Bd2 Rc8 22. Bb3 Nc4 23. Be1 a6 24. Kh1 Nxa3 25. Rxa3 Bxb4 26. Ra1 Bxc3 27. Rc1 Qa5 28. Rxc3 Rxc3 29. Qd2 Bc6 30. Qxc3 Qxc3 31. Bxc3 Bxe4 32. Bxe5 Kf8 33. f3 Bc6 34. Kg1 Ke7 35. Bb2 f6 36. Kf2 b5 37. Ba3+ Kd7 38. Bb4 Bb7 39. Ke3 Bc6 40. Kd4 e5+ 41. Kc5 e4 42. Bd1 exf3 43. Bxf3 Bxf3 44. gxf3 Ke6 45. Kd4 Kf5 46. Ke3 Ke5 47. Bc3+ Ke6 48. Ke4 f5+ 49. Kf4 Kd5 50. Kg5 Kc4 51. Bf6 b4 52. Kh6 a5 53. Kxh7 a4 54. Kxg6 a3 55. h4 b3 56. h5 b2 57. Bxb2 axb2 58. h6 b1=Q 59. h7 f4+ 60. Kg7 Qb2+ 61. Kg8 Qb8+ 62. Kg7 Qc7+ 63. Kg8 Qxh7+ 64. Kxh7 Kd4 65. Kg6 Ke3 66. Kg5 Kxf3 67. Kh4 Kg2 68. Kg4 f3 0-1

[Event "January 2 Early 2024"]
[Site "https://www.chess.com"]
[Date "2024.01.02"]
[Round "10"]
[White "SkinnyPuppy8"]
[Black "Leisch, Lukas"]
[Result "1-0"]
[Board "123"]
[TimeControl "180+1"]
[BlackFideId "1632094"]
[WhiteElo "2300"]
[BlackElo "2472"]
[BlackTeam "AUT"]
[WhiteClock "0:00:03"]
[BlackClock "0:00:00"]

1. e4 e6 2. d3 d5 3. Nd2 Nf6 4. Ngf3 Nc6 5. g3 dxe4 6. dxe4 Bc5 7. Bg2 e5 8. O-O O-O 9. h3 Qe7 10. c3 a5 11. Qe2 b6 12. Rd1 Ba6 13. Qe1 Rfd8 14. Nh4 Qe6 15. Nb3 Bf8 16. Be3 a4 17. Nd2 Na5 18. Kh2 Bd3 19. Bg5 h6 20. Bxf6 Qxf6 21. Nf5 Bc5 22. Nf1 Nc4 23. N1e3 Nxb2 24. Rd2 a3 25. Qc1 c6 26. Rxb2 axb2 27. Qxb2 Qe6 28. a3 b5 29. Qc1 Bc4 30. Ng4 Rd3 31. Bf1 Rd7 32. Bxc4 bxc4 33. a4 Rad8 34. a5 Rd1 35. Qxd1 Rxd1 36. Rxd1 h5 37. Rd8+ Kh7 38. Nge3 g6 39. Nh4 Bxe3 40. fxe3 Qe7 41. Ra8 Qc5 42. Ng2 Qa3 43. a6 Qxc3 44. a7 Qa1 45. h4 c3 46. Ne1 Qa6 47. Nc2 Qa4 48. Kh3 Kg7 49. Nb4 c5 50. Nc2 Qa5 51. Rc8 Qa6 52. a8=Q Qxa8 53. Rxa8 f5 54. Rc8 fxe4 55. Rxc5 1-0

[Event "January 2 Early 2024"]
[Site "https://www.chess.com"]
[Date "2024.01.02"]
[Round "10"]
[White "Kabanov, Nikolai"]
[Black "Rodriguez Avila, Alvaro"]
[Result "1-0"]
[Board "124"]
[TimeControl "180+1"]
[WhiteFideId "4127820"]
[BlackFideId "24570249"]
[WhiteElo "2464"]
[BlackElo "2280"]
[WhiteTeam "RUS"]
[BlackTeam "ESP"]
[WhiteClock "0:00:32"]
[BlackClock "0:00:16"]

1. e4 c5 2. Nf3 d6 3. Bb5+ Nd7 4. O-O Nf6 5. a4 a6 6. Bc4 g6 7. d3 Bg7 8. Ng5 O-O 9. f4 e6 10. Nc3 b6 11. Qe1 Bb7 12. Bxe6 fxe6 13. Nxe6 Qe7 14. Nxf8 Rxf8 15. Qh4 Re8 16. f5 Nh5 17. Bg5 Qe5 18. fxg6 hxg6 19. Rf3 Rf8 20. Raf1 Rxf3 21. Rxf3 d5 22. Qg4 Nhf6 23. Bxf6 Nxf6 24. Qxg6 dxe4 25. dxe4 Bxe4 26. Nxe4 Qxe4 27. Rxf6 Qd4+ 28. Rf2 Qxb2 29. g3 Qa1+ 30. Kg2 Qxa4 31. Qf7+ Kh7 32. Qf5+ Kg8 33. Rf4 Qc6+ 34. Kh3 Qd6 35. Qf7+ Kh7 36. Rh4+ 1-0

[Event "January 2 Early 2024"]
[Site "https://www.chess.com"]
[Date "2024.01.02"]
[Round "10"]
[White "Sanchez Alvares, Kelvin Antonio"]
[Black "Slavin, Alexey"]
[Result "1-0"]
[Board "125"]
[TimeControl "180+1"]
[WhiteFideId "3906680"]
[BlackFideId "24104388"]
[WhiteElo "2456"]
[BlackElo "2258"]
[WhiteTeam "VEN"]
[BlackTeam "RUS"]
[WhiteClock "0:01:03"]
[BlackClock "0:00:05"]

1. e4 Nc6 2. Nf3 d6 3. Bb5 Bd7 4. d4 Nf6 5. Nc3 a6 6. Bd3 e5 7. d5 Ne7 8. h3 Ng6 9. g4 Be7 10. Ne2 c6 11. c4 cxd5 12. cxd5 O-O 13. Be3 Rc8 14. Qd2 Bb5 15. Ng3 Bxd3 16. Qxd3 Re8 17. O-O Nd7 18. Rfc1 Nf4 19. Bxf4 exf4 20. Ne2 Bf6 21. Rxc8 Qxc8 22. Rc1 Qd8 23. b4 Qb6 24. a3 Ne5 25. Nxe5 Bxe5 26. Kg2 g6 27. Ng1 Re7 28. Nf3 Bb2 29. Rc8+ Kg7 30. Qc2 Ba1 31. Qc1 Bd4 32. Qxf4 Bxf2 33. Qd2 Be3 34. Qc3+ f6 35. g5 Rf7 36. gxf6+ Kh6 37. e5 dxe5 38. Nxe5 Rxf6 39. Ng4+ Kg5 40. Qxf6+ Qxf6 41. Nxf6 Kxf6 42. Rc7 Bc1 43. a4 Bd2 44. Rxb7 Ke5 45. b5 axb5 46. Rxb5 Kd6 47. a5 1-0

[Event "January 2 Early 2024"]
[Site "https://www.chess.com"]
[Date "2024.01.02"]
[Round "10"]
[White "Szente Varga, Fruzsina"]
[Black "Morales Garcia, Sergio Joshafatt"]
[Result "1/2-1/2"]
[Board "126"]
[TimeControl "180+1"]
[WhiteFideId "712264"]
[BlackFideId "5106249"]
[WhiteElo "2295"]
[BlackElo "2431"]
[WhiteTeam "HUN"]
[BlackTeam "MEX"]
[WhiteClock "0:01:37"]
[BlackClock "0:00:07"]

1. e4 c5 2. Nf3 e6 3. b3 Nc6 4. Bb2 a6 5. g3 d5 6. exd5 exd5 7. Qe2+ Be6 8. Bh3 Nf6 9. Bxe6 fxe6 10. Qxe6+ Qe7 11. Qxe7+ Bxe7 12. O-O O-O 13. d3 Nb4 14. Na3 Ng4 15. Kg2 Rf7 16. Ne5 Nxe5 17. Bxe5 b5 18. c4 Nxd3 19. f4 bxc4 20. bxc4 Nxe5 21. fxe5 d4 22. Rab1 Rxf1 23. Kxf1 Kf7 24. Rb6 Bg5 25. Ke2 Re8 26. Rxa6 Rxe5+ 27. Kd1 Rf5 28. Nb5 Rf2 29. Nd6+ Ke7 30. Ne4 Rf5 31. Nxg5 Rxg5 32. a4 Rf5 33. a5 Rf2 34. Rc6 Rxh2 35. Rxc5 Ke6 36. Rd5 Ra2 37. g4 h6 38. Kc1 g6 39. Kb1 Ra4 40. Rc5 d3 41. Kc1 h5 42. gxh5 gxh5 43. Kd2 Ra3 44. Rxh5 Kd6 45. Rd5+ Kc6 46. Rxd3 Rxa5 47. Rh3 Ra2+ 48. Kc1 Ra4 49. Rh4 Kc5 50. Kd2 Rxc4 51. Rxc4+ Kxc4 1/2-1/2

[Event "January 2 Early 2024"]
[Site "https://www.chess.com"]
[Date "2024.01.02"]
[Round "10"]
[White "Rose, Felix"]
[Black "Carre, Sylvain"]
[Result "1-0"]
[Board "127"]
[TimeControl "180+1"]
[WhiteFideId "5105722"]
[BlackFideId "642118"]
[WhiteElo "2217"]
[BlackElo "2417"]
[WhiteTeam "MEX"]
[BlackTeam "FRA"]
[WhiteClock "0:00:44"]
[BlackClock "0:01:08"]

1. e4 g6 2. d4 d5 3. exd5 Qxd5 4. Nc3 Qd8 5. Bf4 Bg7 6. Qd2 Nf6 7. O-O-O c6 8. Bh6 Kf8 9. h4 Bf5 10. f3 Ng8 11. Bxg7+ Kxg7 12. g4 Be6 13. h5 Nd7 14. h6+ Kf8 15. d5 cxd5 16. Nxd5 Ngf6 17. Nxf6 exf6 18. Bb5 Ke8 19. Nh3 Rc8 20. Nf4 Rc7 21. Rhe1 a6 22. Rxe6+ fxe6 23. Nxe6 axb5 24. Nxd8 Kxd8 25. Qd6 Re8 26. Qxf6+ Kc8 27. Qf7 Rd8 28. Qxh7 Rc6 29. Qg7 Nc5 30. Rxd8+ Kxd8 31. h7 Nd3+ 32. Kd2 1-0

[Event "January 2 Early 2024"]
[Site "https://www.chess.com"]
[Date "2024.01.02"]
[Round "10"]
[White "Seletsky, Grigory"]
[Black "Yushko, Olga"]
[Result "1-0"]
[Board "128"]
[TimeControl "180+1"]
[WhiteFideId "14112191"]
[BlackFideId "14114500"]
[WhiteElo "2415"]
[BlackElo "2195"]
[WhiteTeam "UKR"]
[BlackTeam "UKR"]
[WhiteClock "0:02:18"]
[BlackClock "0:00:27"]

1. c4 e6 2. Nc3 f5 3. d4 Nf6 4. g3 Be7 5. Bg2 d6 6. Nf3 O-O 7. O-O Qe8 8. Qc2 Qg6 9. Nh4 Qh5 10. Bf3 Qf7 11. e4 Nxe4 12. Nxe4 Bxh4 13. gxh4 fxe4 14. Bxe4 Qh5 15. Kh1 Qxh4 16. Be3 Nc6 17. Rg1 Bd7 18. Rg3 e5 19. Rag1 Nb4 20. Rxg7+ Kh8 21. Qb1 Bc6 22. d5 1-0

[Event "January 2 Early 2024"]
[Site "https://www.chess.com"]
[Date "2024.01.02"]
[Round "10"]
[White "Gopal, K.N."]
[Black "Gabdushev, Ruslan"]
[Result "0-1"]
[Board "129"]
[TimeControl "180+1"]
[WhiteFideId "5001447"]
[BlackFideId "4137833"]
[WhiteElo "2201"]
[BlackElo "2412"]
[WhiteTeam "IND"]
[BlackTeam "RUS"]
[WhiteClock "0:00:03"]
[BlackClock "0:00:27"]

1. e4 Nc6 2. d4 d5 3. e5 Bf5 4. c3 Qd7 5. Bd3 h5 6. f4 f6 7. Nf3 h4 8. O-O h3 9. g3 Nh6 10. Qc2 O-O-O 11. Be3 e6 12. Nbd2 Ng4 13. Rae1 Bxd3 14. Qxd3 f5 15. Ng5 Rh5 16. a3 Be7 17. b4 Rf8 18. Ndf3 Nd8 19. b5 Kb8 20. a4 Nxe3 21. Qxe3 Bxg5 22. Nxg5 Nf7 23. Nxf7 Qxf7 24. Rc1 Rg8 25. c4 Qd7 26. c5 c6 27. Rb1 Ka8 28. Qe2 Rh7 29. a5 cxb5 30. Rxb5 g5 31. fxg5 Rxg5 32. Rfb1 Qc6 33. Qe3 Rg4 34. Qb3 Rxd4 35. Kf2 Rc4 36. Qa3 d4 37. Rb6 Qg2+ 38. Ke1 Qg1+ 39. Kd2 Qxh2+ 40. Kd3 Rc3+ 41. Qxc3 dxc3 42. Rxe6 Qxg3+ 43. Kc4 Qg8 0-1

[Event "January 2 Early 2024"]
[Site "https://www.chess.com"]
[Date "2024.01.02"]
[Round "10"]
[White "Topalov, Aleksandar"]
[Black "th3d4rkness"]
[Result "1-0"]
[Board "130"]
[TimeControl "180+1"]
[WhiteFideId "925659"]
[WhiteElo "2403"]
[BlackElo "2157"]
[WhiteTeam "SRB"]
[WhiteClock "0:02:10"]
[BlackClock "0:00:58"]

1. b3 e5 2. Bb2 Nc6 3. e3 Nf6 4. Bb5 Bd6 5. Na3 a6 6. Bxc6 dxc6 7. Nc4 Qe7 8. Ne2 O-O 9. O-O b5 10. Nxd6 cxd6 11. Ng3 Bg4 12. f3 Be6 13. f4 Bg4 14. fxe5 Bxd1 15. exf6 gxf6 16. Raxd1 d5 17. Bxf6 Qd7 18. Rf5 h6 19. Rdf1 Rae8 20. Rh5 Kh7 21. Nf5 Rh8 22. Rxh6+ 1-0

[Event "January 2 Early 2024"]
[Site "https://www.chess.com"]
[Date "2024.01.02"]
[Round "10"]
[White "Hartikainen, Jarmo"]
[Black "Kraus, Tomas"]
[Result "0-1"]
[Board "131"]
[TimeControl "180+1"]
[WhiteFideId "503134"]
[BlackFideId "331708"]
[WhiteElo "2163"]
[BlackElo "2381"]
[WhiteTeam "FIN"]
[BlackTeam "CZE"]
[WhiteClock "0:00:01"]
[BlackClock "0:00:10"]

1. e4 c5 2. c3 d5 3. exd5 Qxd5 4. d4 Nf6 5. Nf3 Bg4 6. Be2 Nc6 7. Na3 cxd4 8. Nb5 Qd7 9. Nbxd4 Nxd4 10. Nxd4 Bxe2 11. Qxe2 e6 12. O-O Bc5 13. Rd1 Bxd4 14. Rxd4 Qc6 15. Rc4 Qb6 16. Be3 Qa5 17. Rc5 Qa4 18. b3 Qd7 19. Rd1 Qe7 20. Qb5+ Kf8 21. Rc4 b6 22. Bg5 h6 23. Bh4 g5 24. Bg3 Nd5 25. Qc6 Kg7 26. Be5+ f6 27. Bg3 h5 28. h3 h4 29. Bd6 Qf7 30. Qa4 Rac8 31. Rxc8 Rxc8 32. Qd4 Nxc3 33. Re1 e5 34. Qd3 Qd5 35. Qxd5 Nxd5 36. Rd1 Nf4 37. Kh2 Ne2 38. g3 Nd4 39. Rd2 Rc2 40. Rxc2 Nxc2 41. Bb8 a6 42. Bd6 b5 43. gxh4 gxh4 44. Kg2 Kg6 45. Kf1 Kf5 46. Ke2 Nd4+ 47. Kd3 Nf3 48. Be7 Ng1 49. a4 Nxh3 50. axb5 axb5 51. Kc3 Nf4 52. Kb4 Nd5+ 53. Kxb5 Nxe7 54. Kc5 h3 55. b4 h2 56. b5 h1=Q 57. Kd6 Qd5+ 58. Kxe7 Qxb5 59. Kd6 Qe2 60. f4 Qf2 61. Ke7 exf4 62. Kd6 f3 63. Kd5 Qe3 64. Kd6 Qe5+ 65. Kd7 f2 66. Kc6 f1=Q 67. Kd7 Qd3+ 68. Kc6 Qec3+ 0-1

[Event "January 2 Early 2024"]
[Site "https://www.chess.com"]
[Date "2024.01.02"]
[Round "10"]
[White "Blokhin, Sofia"]
[Black "Petre, Nad-Titus"]
[Result "1-0"]
[Board "133"]
[TimeControl "180+1"]
[WhiteFideId "4508190"]
[BlackFideId "1204165"]
[WhiteElo "2290"]
[BlackElo "2458"]
[WhiteTeam "EST"]
[BlackTeam "ROU"]
[WhiteClock "0:00:16"]
[BlackClock "0:00:00"]

1. d4 Nf6 2. c4 b6 3. Nc3 Bb7 4. e3 e6 5. Nf3 d5 6. Bd3 dxc4 7. Bxc4 a6 8. a4 Nbd7 9. O-O c5 10. d5 exd5 11. Nxd5 Be7 12. Nxe7 Qxe7 13. Ng5 O-O 14. f3 Ne5 15. Be2 Rad8 16. Qc2 h6 17. Nh3 Nd5 18. b3 Nb4 19. Qc3 Ned3 20. e4 Nxc1 21. Qxc1 Qe5 22. Bc4 Bc6 23. Nf2 b5 24. axb5 axb5 25. Be2 Ra8 26. Ng4 Qd4+ 27. Kh1 h5 28. Nf2 Rxa1 29. Qxa1 Qe3 30. Qd1 Ra8 31. Nh3 Kh7 32. f4 Bxe4 33. Ng5+ Kg8 34. Bxh5 f6 35. Bf7+ Kh8 36. Qh5+ 1-0

[Event "January 2 Early 2024"]
[Site "https://www.chess.com"]
[Date "2024.01.02"]
[Round "10"]
[White "Musalov, Ruslan"]
[Black "Martin, Lewis"]
[Result "1/2-1/2"]
[Board "134"]
[TimeControl "180+1"]
[WhiteFideId "4141490"]
[BlackFideId "410551"]
[WhiteElo "2424"]
[BlackElo "2288"]
[WhiteTeam "RUS"]
[BlackTeam "ENG"]
[WhiteClock "0:00:10"]
[BlackClock "0:00:05"]

1. Nf3 d5 2. g3 c6 3. Bg2 Nf6 4. O-O e6 5. c4 Nbd7 6. b3 Bd6 7. Bb2 O-O 8. d3 Re8 9. Nbd2 e5 10. Qc2 Qe7 11. Rfe1 e4 12. Nd4 exd3 13. Qxd3 Ne5 14. Qc2 Bb4 15. Rad1 g6 16. cxd5 cxd5 17. Qb1 Bd7 18. Qa1 Rac8 19. a3 Bd6 20. N2f3 Ne4 21. e3 Ng4 22. Re2 Nexf2 23. Rxf2 Nxf2 24. Kxf2 Qxe3+ 25. Kf1 Bg4 26. Re1 Qd3+ 27. Kg1 Bc5 28. Kh1 Re4 29. Ne5 Qxd4 30. Bxd4 Bxd4 31. Qb1 Rxe1+ 32. Qxe1 Bxe5 33. Qxe5 Rc1+ 34. Bf1 Bh3 35. Qe8+ Kg7 36. Qe5+ Kg8 37. Qe8+ Kg7 38. Qe5+ Kf8 39. Qh8+ Ke7 40. Qe5+ Kf8 41. Qh8+ Ke7 42. Qe5+ Kf8 1/2-1/2

[Event "January 2 Early 2024"]
[Site "https://www.chess.com"]
[Date "2024.01.02"]
[Round "10"]
[White "Omariev, Maksim"]
[Black "Minina, Veronika"]
[Result "1-0"]
[Board "135"]
[TimeControl "180+1"]
[WhiteFideId "4193423"]
[BlackFideId "4174780"]
[WhiteElo "2399"]
[BlackElo "2280"]
[WhiteTeam "RUS"]
[BlackTeam "RUS"]
[WhiteClock "0:00:54"]
[BlackClock "0:00:00"]

1. g4 d5 2. Bg2 c6 3. h3 e5 4. d4 e4 5. c4 Be6 6. Nc3 Qd7 7. Bf4 h5 8. g5 Ne7 9. e3 Ng6 10. Bg3 h4 11. Bh2 Be7 12. f4 exf3 13. Nxf3 dxc4 14. Qe2 Bxh3 15. Bxh3 Qxh3 16. O-O-O Qf5 17. e4 Bxg5+ 18. Kb1 Qf6 19. e5 Qe7 20. Nxg5 Qxg5 21. Ne4 Qe7 22. Nd6+ Kd8 23. Qxc4 Rf8 24. Rhf1 Nh8 25. d5 c5 26. Qxc5 Na6 27. Nxb7+ Qxb7 28. Qxf8+ Kc7 29. Qd6+ Kc8 30. Rc1+ Nc7 31. e6 1-0